NWL (28 & UNDER)
MENLO MANIACS @ BISMARCK BARONS
08/30/2028
 
TOP OF THE 1ST
Menlo Maniacs batting - Pitching for Bismarck Barons : RHP Kyle Horton
Pitching: RHP Kyle Horton
Batting: LHB Bernardo Rodríguez 0-0: Ball
1-0: Foul Ball, location: 2F
1-1: Swinging Strike
1-2: Ball
2-2: Foul Ball, location: 2F
2-2: Strikes out swinging
Batting: SHB Chris Young 0-0: Ball
1-0: Ball
2-0: Called Strike
2-1: Ball
3-1: Fly out, F4 (Popup, 4D)
Batting: LHB Tim Ramsey 0-0: Ball
1-0: Called Strike
1-1: Ground out 4-3 (Groundball, 4)
Top of the 1st over - 0 run(s), 0 hit(s), 0 error(s), 0 left on base; Menlo 0 - Bismarck 0
BOTTOM OF THE 1ST
Bismarck Barons batting - Pitching for Menlo Maniacs : RHP Michael Díaz
Pitching: RHP Michael Díaz
Batting: RHB Pancho Torres 0-0: Called Strike
0-1: Swinging Strike
0-2: Ball
1-2: Ball
2-2: Ball
3-2: Foul Ball, location: 2F
3-2: Ground out 4-3 (Groundball, 4)
Batting: RHB Eugenio Maldonado 0-0: SINGLE (Line Drive, 6D)
Batting: RHB Jason Stover 0-0: Called Strike
0-1: Ball
1-1: Ball
2-1: TRIPLE (Flyball, 78D)
Eugenio Maldonado scores
Batting: LHB Jesús Bueno 0-0: Ball
1-0: Called Strike
1-1: Swinging Strike
1-2: Ground out 4-3 (Groundball, 4)
Jason Stover scores
Batting: RHB Dave Anderson 0-0: Ground out 4-3 (Groundball, 4S)
Bottom of the 1st over - 2 run(s), 2 hit(s), 0 error(s), 0 left on base; Menlo 0 - Bismarck 2
TOP OF THE 2ND
Menlo Maniacs batting - Pitching for Bismarck Barons : RHP Kyle Horton
Batting: LHB Frank Young 0-0: Ball
1-0: Ball
2-0: Called Strike
2-1: Ball
3-1: Base on Balls
Batting: RHB Jason Blair 0-0: Ball
1-0: Ball
2-0: Fly out, F7 (Line Drive, 7)
Batting: LHB César Rodríguez 0-0: Called Strike
0-1: Ball
Frank Young steals 2nd base
1-1: Swinging Strike
1-2: Ball
2-2: Strikes out swinging
Batting: LHB Dave Lee 0-0: Ball
1-0: Foul Ball, location: 2F
1-1: Fly out, F7 (Flyball, 78S)
Top of the 2nd over - 0 run(s), 0 hit(s), 0 error(s), 1 left on base; Menlo 0 - Bismarck 2
BOTTOM OF THE 2ND
Bismarck Barons batting - Pitching for Menlo Maniacs : RHP Michael Díaz
Batting: RHB Mark Roy 0-0: Ball
1-0: Ball
2-0: Ball
3-0: Base on Balls
Batting: RHB Eric Black 0-0: Ball
1-0: Ball
2-0: Called Strike
2-1: Ball
3-1: Called Strike
3-2: TRIPLE (Flyball, 9LM)
Mark Roy scores
Batting: RHB Tomás Rivera 0-0: Swinging Strike
0-1: Called Strike
0-2: Strikes out swinging
Batting: SHB José Gonzáles 0-0: Swinging Strike
0-1: Swinging Strike
0-2: Foul Ball, location: 2F
0-2: Strikes out looking
Batting: RHB Pancho Torres 0-0: Ball
1-0: Called Strike
1-1: Foul Ball, location: 2F
1-2: SINGLE (Groundball, 4MD)
Eric Black scores
Batting: RHB Eugenio Maldonado 0-0: Called Strike
0-1: Ball
1-1: Ball
Pancho Torres steals 2nd base
2-1: Swinging Strike
2-2: Ball
3-2: Base on Balls
Batting: RHB Jason Stover 0-0: Ball
1-0: Swinging Strike
1-1: Ball
2-1: Ball
3-1: Fly out, F9 (Flyball, 9)
Bottom of the 2nd over - 2 run(s), 2 hit(s), 0 error(s), 2 left on base; Menlo 0 - Bismarck 4
TOP OF THE 3RD
Menlo Maniacs batting - Pitching for Bismarck Barons : RHP Kyle Horton
Batting: SHB Ryan Holcomb 0-0: Called Strike
0-1: Foul Ball, location: 2F
0-2: Ball
1-2: SINGLE (Groundball, 6) (infield hit)
Batting: RHB Clinton Barton 0-0: Ball
1-0: Called Strike
1-1: Swinging Strike
1-2: Ball
2-2: Ball
3-2: Foul Ball, location: 2F
3-2: Strikes out swinging
Ryan Holcomb steals 2nd base
Batter strikes out.
Batting: LHB Bernardo Rodríguez 0-0: Foul Ball, location: 2F
0-1: Ball
1-1: Ground out 4-3 (Groundball, 34)
Ryan Holcomb to third
Batting: SHB Chris Young 0-0: Called Strike
0-1: Called Strike
0-2: Foul Ball, location: 2F
0-2: Strikes out swinging
Top of the 3rd over - 0 run(s), 1 hit(s), 0 error(s), 1 left on base; Menlo 0 - Bismarck 4
BOTTOM OF THE 3RD
Bismarck Barons batting - Pitching for Menlo Maniacs : RHP Michael Díaz
Batting: LHB Jesús Bueno 0-0: Ball
1-0: Ground out U3 (Groundball, 34S)
Batting: RHB Dave Anderson 0-0: Ball
1-0: SINGLE (Groundball, 6S) (infield hit)
Batting: RHB Mark Roy 0-0: Ball
1-0: Foul Ball, location: 2F
1-1: 2-RUN HOME RUN (Line Drive, 7LD), Distance : 323 ft
Batting: RHB Eric Black 0-0: Ball
1-0: Fly out, F5 (Popup, 5L)
Batting: RHB Tomás Rivera 0-0: Foul Ball, location: 2F
0-1: Ball
1-1: Ball
2-1: Foul Ball, location: 2F
2-2: Ball
3-2: Foul Ball, location: 2F
3-2: Fly out, F7 (Flyball, 78M)
Bottom of the 3rd over - 2 run(s), 2 hit(s), 0 error(s), 0 left on base; Menlo 0 - Bismarck 6
TOP OF THE 4TH
Menlo Maniacs batting - Pitching for Bismarck Barons : RHP Kyle Horton
Batting: LHB Tim Ramsey 0-0: Ground out 4-3 (Groundball, 4)
Batting: LHB Frank Young 0-0: Ball
1-0: Fly out, F7 (Flyball, 78D)
Batting: RHB Jason Blair 0-0: Called Strike
0-1: Ball
1-1: Swinging Strike
1-2: Ball
2-2: Ball
3-2: Strikes out swinging
Top of the 4th over - 0 run(s), 0 hit(s), 0 error(s), 0 left on base; Menlo 0 - Bismarck 6
BOTTOM OF THE 4TH
Bismarck Barons batting - Pitching for Menlo Maniacs : RHP Michael Díaz
Batting: SHB José Gonzáles 0-0: Ball
1-0: Ball
2-0: Foul Ball, location: 2F
2-1: Ball
3-1: Base on Balls
Batting: RHB Pancho Torres 0-0: SINGLE (Line Drive, 89S)
José Gonzáles to second
Batting: RHB Eugenio Maldonado 0-0: Called Strike
0-1: Ball
1-1: Ball
2-1: Fly out, F9 (Flyball, 9D)
Runner from 2nd tags up, SAFE at 3rd, no throw
Batting: RHB Jason Stover 0-0: Ball
Pancho Torres steals 2nd base
1-0: SINGLE (Line Drive, 6D)
José Gonzáles scores
Pancho Torres to third
Runner from 3rd tries for Home, SAFE, no throw
Pitching: RHP Wayne Todd
Batting: LHB Jesús Bueno Pickoff Throw to First - Out!
0-0: Ball
1-0: Called Strike
1-1: Called Strike
1-2: Ball
2-2: Ball
3-2: Ground out U3 (Groundball, 3S)
Bottom of the 4th over - 2 run(s), 2 hit(s), 0 error(s), 0 left on base; Menlo 0 - Bismarck 8
TOP OF THE 5TH
Menlo Maniacs batting - Pitching for Bismarck Barons : RHP Kyle Horton
Batting: LHB César Rodríguez 0-0: Called Strike
0-1: Ball
1-1: Ball
2-1: Ball
3-1: Base on Balls
Batting: LHB Dave Lee 0-0: Ball
1-0: SINGLE (Line Drive, 8LS)
César Rodríguez to second
Batting: SHB Ryan Holcomb 0-0: Ball
1-0: Swinging Strike
1-1: Swinging Strike
1-2: Ball
2-2: Ball
3-2: Fielders Choice at 2nd, 5-4 (Groundball, 56)
César Rodríguez to third
Batting: RHB Clinton Barton 0-0: Called Strike
0-1: Foul Ball, location: 2F
0-2: Strikes out swinging
Batting: LHB Bernardo Rodríguez 0-0: Called Strike
0-1: Foul Ball, location: 2F
0-2: Fielders Choice at 2nd, 6-4 (Groundball, 6)
Top of the 5th over - 0 run(s), 1 hit(s), 0 error(s), 1 left on base; Menlo 0 - Bismarck 8
BOTTOM OF THE 5TH
Bismarck Barons batting - Pitching for Menlo Maniacs : RHP Wayne Todd
Batting: RHB Dave Anderson 0-0: Swinging Strike
0-1: Ground out 5-3 (Groundball, 56S)
Batting: RHB Mark Roy 0-0: Ball
1-0: Called Strike
1-1: Ball
2-1: Foul Ball, location: 2F
2-2: Foul Ball, location: 2F
2-2: Ball
3-2: Base on Balls
Batting: RHB Eric Black 0-0: Ball
1-0: Swinging Strike
1-1: Called Strike
1-2: Ball
2-2: Ball
3-2: Base on Balls
Mark Roy to second
Batting: RHB Tomás Rivera 0-0: Called Strike
0-1: Ball
1-1: Ball
2-1: Called Strike
2-2: Foul Ball, location: 2F
2-2: Foul Ball, location: 2F
2-2: Foul Ball, location: 2F
2-2: Ball
3-2: Base on Balls
Mark Roy to third
Eric Black to second
Batting: SHB José Gonzáles 0-0: Ball
1-0: Swinging Strike
1-1: Ball
2-1: Foul Ball, location: 2F
2-2: Foul Ball, location: 2F
2-2: Ball
3-2: Foul Ball, location: 2F
3-2: Foul Ball, location: 2F
3-2: Base on Balls
Mark Roy scores
Eric Black to third
Tomás Rivera to second
Batting: RHB Pancho Torres 0-0: Ball
1-0: Swinging Strike
1-1: Fielders Choice at 2nd, 3-6 (Groundball, 34)
Eric Black scores
Tomás Rivera to third
Batting: RHB Eugenio Maldonado 0-0: Fly out, F8 (Line Drive, 8RM)
Bottom of the 5th over - 2 run(s), 0 hit(s), 0 error(s), 2 left on base; Menlo 0 - Bismarck 10
TOP OF THE 6TH
Menlo Maniacs batting - Pitching for Bismarck Barons : RHP Kyle Horton
Batting: SHB Chris Young 0-0: Called Strike
0-1: Ball
1-1: Ball
2-1: Foul Ball, location: 2F
2-2: Foul Ball, location: 2F
2-2: Ball
3-2: Foul Ball, location: 2F
3-2: Base on Balls
Batting: LHB Tim Ramsey 0-0: Ball
1-0: Fielders Choice at 2nd, 4-6 (Groundball, 4M)
Batting: LHB Frank Young 0-0: Called Strike
0-1: Swinging Strike
0-2: Fly out, F6 (Line Drive, 6M)
Batting: RHB Jason Blair 0-0: Called Strike
Tim Ramsey steals 2nd base
0-1: Ball
1-1: Ball
2-1: Foul Ball, location: 2F
2-2: Fly out, F8 (Line Drive, 89M)
Top of the 6th over - 0 run(s), 0 hit(s), 0 error(s), 1 left on base; Menlo 0 - Bismarck 10
BOTTOM OF THE 6TH
Bismarck Barons batting - Pitching for Menlo Maniacs : RHP Wayne Todd
Pitching: RHP Gerard Gustafson
Batting: RHB Jason Stover 0-0: Called Strike
0-1: Ball
1-1: Ground out 4-3 (Groundball, 4)
Batting: LHB Jesús Bueno 0-0: SINGLE (Groundball, 6D)
Batting: RHB Dave Anderson 0-0: Called Strike
0-1: Ball
1-1: Swinging Strike
1-2: Foul Ball, location: 2F
1-2: Strikes out swinging
Batting: RHB Mark Roy 0-0: Swinging Strike
0-1: Called Strike
0-2: Ball
1-2: Foul Ball, location: 2F
1-2: DOUBLE (Flyball, 8LXD)
Jesús Bueno to third
Batting: RHB Eric Black 0-0: Ball
1-0: DOUBLE (Line Drive, 78D)
Jesús Bueno scores
Mark Roy scores
Batting: RHB Tomás Rivera 0-0: Foul Ball, location: 2F
0-1: Foul Ball, location: 2F
0-2: Ball
1-2: Ground out 1-3 (Groundball, 13)
Bottom of the 6th over - 2 run(s), 3 hit(s), 0 error(s), 1 left on base; Menlo 0 - Bismarck 12
TOP OF THE 7TH
Menlo Maniacs batting - Pitching for Bismarck Barons : RHP Kyle Horton
Batting: LHB César Rodríguez 0-0: Called Strike
0-1: Ball
1-1: Foul Ball, location: 2F
1-2: Ground out 1-3 (Groundball, 15S)
Pitching: RHP Edgar Villa
Batting: LHB Dave Lee 0-0: Called Strike
0-1: Ball
1-1: Foul Ball, location: 2F
1-2: Ball
2-2: Strikes out swinging
Batting: SHB Ryan Holcomb 0-0: Ball
1-0: Ball
2-0: Called Strike
2-1: Foul Ball, location: 2F
2-2: Foul Ball, location: 2F
2-2: Strikes out swinging
Top of the 7th over - 0 run(s), 0 hit(s), 0 error(s), 0 left on base; Menlo 0 - Bismarck 12
BOTTOM OF THE 7TH
Bismarck Barons batting - Pitching for Menlo Maniacs : RHP Gerard Gustafson
Pinch Hitting: LHB Jorge Fernández 0-0: Ball
1-0: Called Strike
1-1: Ball
2-1: Ball
3-1: Base on Balls
Batting: RHB Pancho Torres 0-0: Swinging Strike
0-1: Called Strike
0-2: Strikes out swinging
Batting: RHB Eugenio Maldonado 0-0: Ball
1-0: Swinging Strike
1-1: Ball
2-1: Ground out 6-3 (Groundball, 6MS)
Jorge Fernández to second
Batting: RHB Jason Stover 0-0: Foul Ball, location: 2F
0-1: Ball
1-1: Ball
2-1: Swinging Strike
2-2: Strikes out swinging
Bottom of the 7th over - 0 run(s), 0 hit(s), 0 error(s), 1 left on base; Menlo 0 - Bismarck 12
TOP OF THE 8TH
Menlo Maniacs batting - Pitching for Bismarck Barons : RHP Edgar Villa
Now in LF: Jorge Fernández
Batting: RHB Clinton Barton 0-0: Ball
1-0: Ball
2-0: Ball
3-0: Called Strike
3-1: Base on Balls
Batting: LHB Bernardo Rodríguez 0-0: Foul Ball, location: 2F
0-1: Called Strike
0-2: Fielders Choice at 2nd, 4-6 (Groundball, 4)
Batting: SHB Chris Young 0-0: Swinging Strike
0-1: Foul Ball, location: 2F
0-2: Foul Ball, location: 2F
0-2: Ball
1-2: 2-RUN HOME RUN (Flyball, 9D), Distance : 350 ft
Batting: LHB Tim Ramsey 0-0: Ball
1-0: Foul Ball, location: 2F
1-1: SOLO HOME RUN (Flyball, 9D), Distance : 352 ft
Batting: LHB Frank Young 0-0: Ball
1-0: Called Strike
1-1: Ball
2-1: SINGLE (Groundball, 6MD)
Batting: RHB Jason Blair 0-0: Fielders Choice at 2nd, 6-4 (Groundball, 56)
Batting: LHB César Rodríguez 0-0: Called Strike
0-1: Swinging Strike
0-2: 2-RUN HOME RUN (Flyball, 9D), Distance : 364 ft
Pitching: RHP Domingo León
Batting: LHB Dave Lee 0-0: Ground out 4-3 (Groundball, 4)
Top of the 8th over - 5 run(s), 4 hit(s), 0 error(s), 0 left on base; Menlo 5 - Bismarck 12
BOTTOM OF THE 8TH
Bismarck Barons batting - Pitching for Menlo Maniacs : RHP Gerard Gustafson
Batting: LHB Jesús Bueno 0-0: Ball
1-0: SINGLE (Line Drive, 7S)
Batting: RHB Dave Anderson 0-0: Ball
1-0: Ball
2-0: Called Strike
2-1: Foul Ball, location: 2F
2-2: SINGLE (Line Drive, 89S)
Jesús Bueno to second
Batting: RHB Mark Roy 0-0: Swinging Strike
0-1: Ball
1-1: Ball
2-1: Foul Ball, location: 2F
2-2: Ball
3-2: Fielders Choice at 2nd, 5-4 (Groundball, 56)
Jesús Bueno to third
Batting: RHB Eric Black 0-0: Ball
1-0: Foul Ball, location: 2F
1-1: SINGLE (Flyball, 8RS)
Jesús Bueno scores
Mark Roy to second
Batting: RHB Tomás Rivera 0-0: Ball
1-0: Foul Ball, location: 2F
1-1: Ball
2-1: Swinging Strike
2-2: Foul Ball, location: 2F
2-2: Ball
3-2: Strikes out looking
Batting: LHB Jorge Fernández 0-0: Ball
1-0: Ball
2-0: Foul Ball, location: 2F
2-1: Ball
3-1: Swinging Strike
3-2: Strikes out looking
Bottom of the 8th over - 1 run(s), 3 hit(s), 0 error(s), 2 left on base; Menlo 5 - Bismarck 13
TOP OF THE 9TH
Menlo Maniacs batting - Pitching for Bismarck Barons : RHP Domingo León
Now at SS: Francisco Fernández
Batting: SHB Ryan Holcomb 0-0: Swinging Strike
0-1: Foul Ball, location: 2F
0-2: Ball
1-2: Strikes out swinging
Batting: RHB Clinton Barton 0-0: Called Strike
0-1: Swinging Strike
0-2: Foul Ball, location: 2F
0-2: SINGLE (Groundball, 2L) (infield hit)
Batting: LHB Bernardo Rodríguez 0-0: Called Strike
0-1: Ball
1-1: Ball
2-1: Foul Ball, location: 2F
2-2: Foul Ball, location: 2F
2-2: Foul Ball, location: 2F
2-2: Strikes out swinging
Batting: SHB Chris Young 0-0: Ball
1-0: Called Strike
1-1: Called Strike
1-2: Strikes out swinging
Top of the 9th over - 0 run(s), 1 hit(s), 0 error(s), 1 left on base; Menlo 5 - Bismarck 13
Tuesday, August 8th, 2017 - OOTP Baseball 17.12 Build 75